 Dungeon Crawl Stone Soup version 0.18-a0-382-gd7addec (webtiles) character file.

329954 Avanven the Formicid Blade (level 22, -4/180 HPs)
             Began as a Formicid Fighter on Nov 30, 2015.
             Was the Champion of Okawaru.
             Killed from afar by a vault guard (18 damage)
             ... with an exploding inner flame
             ... hexed by the player character
             ... on level 5 of the Vaults.
             The game lasted 03:00:57 (60264 turns).

Avanven the Formicid Blade (Formicid Fighter)      Turns: 60264, Time: 03:00:58

Health: -4/180     AC: 32    Str: 25    XL:     22   Next: 70%
Magic:  30/30      EV: 19    Int: 20    God:    Okawaru [******]
Gold:   3176       SH: 18    Dex: 28    Spells: 2 memorised, 28 levels left

rFire  + . .     SeeInvis +     P - +11 triple sword of Refo {drain, +Inv rElec rPois rF-}
rCold  + . .     Clarity  .     t - +9 scale mail "Oshratt" {rElec rCorr Dex+4}
rNeg   . . .     SustAt   .     U - +2 shield
rPois  +         Gourm    +     (helmet unavailable)
rElec  +         Spirit   .     T - +0 cloak
rCorr  +         Warding  .     g - +2 pair of gloves {Dex+3}
rMut   .         Stasis   +     y - +2 pair of boots {run}
MR     +++..                    f - amulet "Enoniss" {Gourm MR+ Int+8}
Stlth  +.........               s - ring of protection from fire
                                J - ring of Xugyf {rPois Int+3 Dex+6}

@: resistant, constricted, repel missiles, quick, extremely resistant to hostile
enchantments, very unstealthy
A: permanent stasis, dig shafts and tunnels, four strong arms, antennae 3,
iridescent scales 1, breathe flames 1
a: Dig, Shaft Self, Heroism, Finesse, Renounce Religion, Breathe Fire, Evoke
Invisibility
}: 2/15 runes: decaying, gossamer


You were on level 5 of the Vaults.
You worshipped Okawaru.
Okawaru was exalted by your worship.
You were very full.

You visited 8 branches of the dungeon, and saw 42 of its levels.
You also visited: Labyrinth and Ice Cave.

You collected 5429 gold pieces.
You spent 2253 gold pieces at shops.

Inventory:

Hand Weapons
 P - the +11 triple sword of Refo (weapon) {drain, +Inv rElec rPois rF-}
   (Okawaru gifted it to you on level 1 of the Vaults)

   A truly terrible weapon, it drains the life of those it strikes.
   It makes you vulnerable to fire.
   It insulates you from electricity.
   It protects you from poison.
   It lets you turn invisible.
 Q - a +9 great sword of flaming
Armour
 g - a +2 pair of gloves of dexterity (worn)
 t - the +9 scale mail "Oshratt" (worn) {rElec rCorr Dex+4}
   (You found it on level 4 of the Dungeon)

   It affects your dexterity (+4).
   It insulates you from electricity.
   It protects you from acid and corrosion.
 y - a +2 pair of boots of running (worn)
 T - a +0 cloak (worn)
 U - a +2 shield (worn)
Jewellery
 f - the amulet "Enoniss" (around neck) {Gourm MR+ Int+8}
   (You acquired it on level 8 of the Dungeon)

   [amulet of the gourmand]

   It allows you to eat raw meat even when not hungry.
   It affects your intelligence (+8).
   It affects your resistance to hostile enchantments.
 q - an uncursed ring of sustain attributes
 s - a ring of protection from fire (right hand)
 A - an uncursed amulet of resist mutation
 I - an uncursed ring of protection from magic
 J - the ring of Xugyf (left hand) {rPois Int+3 Dex+6}
   (You bought it in a shop on level 15 of the Dungeon)

   [ring of dexterity]

   It affects your intelligence (+3).
   It affects your dexterity (+6).
   It protects you from poison.
 L - an uncursed ring of positive energy
 X - an uncursed ring of protection from cold
Wands
 u - a wand of digging (19)
 R - a wand of disintegration (11)
 Z - a wand of teleportation (0)
Scrolls
 a - 4 scrolls of immolation
 b - 6 scrolls of recharging
 c - 2 scrolls of torment
 d - 2 scrolls of holy word
 j - 4 scrolls of enchant armour
 l - 21 scrolls of remove curse
 m - 3 scrolls of summoning
 n - a scroll of silence
 v - a scroll of brand weapon
 w - 9 scrolls of magic mapping
 B - 5 scrolls of amnesia
 C - 3 scrolls of fear
 D - 9 scrolls of fog
Potions
 h - 5 potions of brilliance
 o - 4 potions of curing
 p - 3 potions of cancellation
 r - a potion of agility
 z - a potion of resistance
 F - a potion of might
 G - a potion of magic
 H - a potion of cure mutation
 K - 2 potions of heal wounds
 N - 5 potions of flight
Books
 k - a book of Air

   Spells                             Type                      Level
   a - Shock                          Conjuration/Air              1
   b - Swiftness                      Charms/Air                   2
   c - Repel Missiles                 Charms/Air                   2
   d - Static Discharge               Conjuration/Air              3
   e - Lightning Bolt                 Conjuration/Air              5
 M - a book of Battle

   Spells                             Type                      Level
   a - Infusion                       Charms                       1
   b - Shroud of Golubria             Charms/Translocation         2
   c - Song of Slaying                Charms                       2
   d - Spectral Weapon                Hexes/Charms                 3
   e - Regeneration                   Charms/Necromancy            3
 V - a book of Summonings

   Spells                             Type                      Level
   a - Recall                         Summoning/Translocation      3
   b - Aura of Abjuration             Summoning                    5
   c - Shadow Creatures               Summoning                    5
   d - Summon Demon                   Summoning                    5
   e - Summon Forest                  Summoning/Translocation      5
   f - Summon Mana Viper              Hexes/Summoning              5
Comestibles
 e - 20 bread rations
 i - 7 fruits
 x - 18 meat rations
 E - 2 beef jerkies
 O - 2 slices of pizza


   Skills:
 + Level 16.6 Fighting
 * Level 24.1 Long Blades
 - Level 15.3 Armour
 + Level 11.0 Dodging
 - Level 15.0 Shields
 - Level 5.8 Spellcasting
 - Level 6.0 Charms


You had 28 spell levels left.
You knew the following spells:

 Your Spells              Type           Power        Failure   Level  Hunger
a - Repel Missiles        Chrm/Air       ###...       12%         2    None
b - Song of Slaying       Chrm           ####....     2%          2    None


Dungeon Overview and Level Annotations

Branches:
Dungeon (15/15)            Temple (1/1) D:4            Lair (8/8) D:8
  Swamp (4/4) Lair:3       Spider (4/4) Lair:5        Slime (0/6) Lair:7
    Orc (4/4) D:11            Elf (1/3) Orc:4        Vaults (5/5) D:14
  Crypt (0/3) Vaults:3     Depths (0/5) D:15

Altars:
Ashenzari
Cheibriados
Dithmenos
Elyvilon
Fedhas
Gozag
Kikubaaqudgha
Makhleb
Nemelex Xobeh
Okawaru
Qazlal
Ru
Sif Muna
Trog
Vehumet
Xom
Yredelemnul
Zin
The Shining One
Beogh
Jiyva

Shops:
D:11 (   D:15 (*=   Orc:1 *?(=   Orc:3 *%[!   Orc:4 (?%[(   Vaults:4 :


Innate Abilities, Weirdness & Mutations

You are under a permanent stasis effect.
You can dig through walls and to a lower floor.
Your four strong arms can wield two-handed weapons with a shield.
You have a pair of large antennae on your head (SInv).
You are partially covered in iridescent scales (AC +4).
You can breathe flames.


Message History

The vault guard is almost dead.
The fiery explosion engulfs the vault guard.
The vault guard is moderately wounded.
Okawaru accepts your kill.
You hear a shout! x2
A deep elf demonologist comes into view.
It is wielding a dagger.
Unknown command.
Unknown command.
Your attempt to break free from the tentacled monstrosity fails, but you feel that another attempt might succeed.
You are engulfed in roaring flames.
You resist.
The vault guard is engulfed in roaring flames.
You block the vault guard's attack.
The vault guard is engulfed in roaring flames. x4
The sphinx mumbles some strange words.
Something smites you!
* * * LOW HITPOINT WARNING * * *
The vault guard is engulfed in roaring flames.
The vault guard explodes!
The fiery explosion engulfs you! You resist.
You die...

.%. #%...# #e.
#...%#
....{#%...#
.....#....# ###
.H.%p#§§§§#....
....§§§§§§.p...
####§§§p§pS§###
..%c§§p@p§§....
...%§§§X§D.....
.%.?.§ppp§.....
%..%.§§§.......
####?.......###
.%%.......#
...#....#.#$#
....#...$##.#.


You could see a tentacled monstrosity, a quicksilver dragon, a sphinx, 7 vault
guards, a deep elf demonologist, 2 ironbrand convokers, a guardian serpent
shaped shifter and a yaktaur.

Vanquished Creatures
  Mara (Vaults:2)
  Xtahua (Vaults:3)
  A bone dragon (Vaults:3)
  Jorgrun (Vaults:4)
  A tentacled monstrosity (Swamp:4)
  Gastronok (Lair:3)
  Agnes (D:15)
  2 thorn hunters
  4 sphinxes
  A shadow dragon (shapeshifter) (Vaults:4)
  2 frost giants (Vaults:3)
  A deep elf sorcerer (Vaults:5)
  Donald (Vaults:4)
  A fire giant (Vaults:4)
  14 vault wardens
  An orc warlord (Orc:4)
  4 emperor scorpions (Spider:4)
  4 ghost moths (Spider:4)
  10 ironheart preservers
  4 very ugly things
  A stone giant (Vaults:3)
  A war gargoyle (Vaults:5)
  A salamander stormcaller (D:12)
  3 spark wasps
  An ettin (Vaults:3)
  A minotaur (Lab)
  Snorg (Lair:3)
  A deep elf death mage (Vaults:3)
  Josephine (D:15)
  4 fire dragons
  7 yaktaur captains
  Erolcha (D:8)
  7 ogre magi
  26 vault guards
  Fannar (Lair:3)
  A rakshasa (D:14)
  2 green deaths (Swamp:4)
  An entropy weaver (Spider:4)
  A ghost crab (Swamp:1)
  3 great orbs of eyes
  21 hydras
  2 ice dragons (D:15)
  5 centaur warriors
  Erica (D:10)
  A deep troll earth mage (Vaults:1)
  A thrashing horror (Swamp:4)
  2 deep troll shamans
  2 tengu warriors (D:14)
  9 alligators
  An orc high priest (Orc:2)
  5 hell knights (Vaults:2)
  2 deep elf knights
  Nergalle (Lair:3)
  2 fire crabs
  A shadow wraith (Vaults:4)
  11 swamp dragons
  11 deep trolls
  2 flayed ghosts (Vaults:4)
  2 unseen horrors
  2 spriggan druids (Swamp:2)
  5 skeletal warriors (Vaults:1)
  5 harpies (Vaults:1)
  A giant orange brain (Vaults:1)
  A giant orange brain (shapeshifter) (Vaults:5)
  A tengu zombie (Vaults:4)
  2 deep elf summoners
  A lindwurm (Lair:8)
  An orange crystal statue (D:12)
  2 shambling mangroves
  A wizard (Vaults:1)
  A sphinx zombie (Vaults:1)
  Pikel (D:6)
  7 necromancers
  2 deep elf conjurers
  8 hill giants
  4 griffons
  20 ironbrand convokers
  A frost giant zombie (Vaults:1)
  13 hornets
  8 cyclopes
  20 orb spiders
  A manticore (D:15)
  16 orc knights
  2 cyclopes (shapeshifter)
  An octopode (shapeshifter) (Vaults:1)
  37 ugly things
  3 orc sorcerers
  39 wolf spiders
  A salamander (shapeshifter) (Vaults:1)
  2 moths of wrath
  6 centaur zombies
  Maurice (D:8)
  A black mamba (shapeshifter) (Vaults:2)
  8 vault sentinels
  4 elephants
  2 orange demons
  4 gargoyles
  An ice statue (IceCv)
  7 black mambas
  21 spiny frogs
  2 stone giant skeletons (Vaults:4)
  Psyche (D:8)
  10 torpor snails
  34 yaktaurs
  An efreet (D:13)
  A redback zombie (D:14)
  18 demonic crawlers
  5 fire drakes
  A kobold demonologist (D:11)
  2 deep elf priests (Vaults:1)
  11 komodo dragons
  11 freezing wraiths
  11 two-headed ogres
  A queen bee (Lair:6)
  2 polar bears
  25 jumping spiders
  13 giant leeches
  3 trolls
  Prince Ribbit (D:7)
  19 bog bodies
  A tengu simulacrum (Vaults:4)
  3 boulder beetles
  An ettin zombie (Vaults:4)
  20 blink frogs
  50 slime creatures
  A hornet zombie (Vaults:1)
  5 wraiths
  5 shadows
  4 spriggans
  16 trapdoor spiders
  4 deep elf magi
  19 humans (D:14)
  6 wyverns
  39 redbacks
  27 tarantellas
  11 deep elf fighters
  6 basilisks
  9 hippogriffs
  A vampire (D:13)
  Eustachio (D:4)
  19 yaks
  7 hungry ghosts
  The ghost of P0WERM0DE the Chopper, an amateur DsCK of Xom (D:7)
  3 mottled dragons (Lair:8)
  11 wargs
  26 vampire mosquitoes
  Menkaure (D:7)
  3 insubstantial wisps (Swamp:2)
  11 wolves
  Edmund (D:5)
  A steam dragon (Lair:8)
  30 swamp worms
  10 water moccasins
  Duvessa (D:5)
  47 orc warriors
  2 eyes of draining
  9 swamp drakes
  18 ice beasts
  4 black bears
  A necrophage (D:12)
  4 slaves (D:6)
  3 phantoms
  12 porcupines
  19 wasps
  4 sky beasts
  42 ogres
  7 boggarts
  An alligator simulacrum (IceCv)
  19 crocodiles
  5 big kobolds
  25 giant frogs
  22 centaurs
  2 wyvern zombies
  Dowan (D:5)
  2 water moccasin zombies
  3 scorpions
  12 killer bees (Lair:6)
  19 wights
  3 electric eels
  34 orc wizards
  A crimson imp (D:12)
  A quasit (D:9)
  5 hounds
  15 orc priests
  7 centaur skeletons
  2 draconian simulacra (IceCv)
  4 jellies
  Terence (D:3)
  10 worker ants
  Natasha (D:3)
  11 iguanas
  A polar bear simulacrum (IceCv)
  5 hell rats (Lair:2)
  4 troll simulacra (IceCv)
  17 sheep
  5 spriggan simulacra (IceCv)
  2 wolf simulacra (IceCv)
  2 centaur simulacra (IceCv)
  An elf simulacrum (Vaults:1)
  A small abomination (Swamp:4)
  A hound skeleton (D:4)
  A worker ant zombie (D:9)
  62 river rats
  2 ogre simulacra (IceCv)
  14 adders
  5 naga simulacra (IceCv)
  2 shadow imps
  12 white imps (IceCv)
  2 adder zombies (D:9)
  3 adder skeletons
  22 worms
  5 giant geckos
  185 orcs
  2 ball pythons
  7 bats
  5 giant cockroaches
  10 goblins
  6 hobgoblins
  21 jackals
  A giant gecko skeleton (D:6)
  5 giant newts
  38 kobolds
  3 quokkas
  A quokka skeleton (D:6)
  18 rats
  2 briar patches
  3 plants
1847 creatures vanquished.

Vanquished Creatures (others)
  A deep elf priest (Vaults:4)
  An orc priest (Vaults:3)
  37 fungi
  26 plants (Lair:8)
65 creatures vanquished.

Grand Total: 1912 creatures vanquished

Notes
Turn   | Place    | Note
--------------------------------------------------------------
     0 | D:1      | Avanven the Formicid Fighter began the quest for the Orb.
     0 | D:1      | Reached XP level 1. HP: 18/18 MP: 1/1
    92 | D:1      | Reached XP level 2. HP: 10/24 MP: 2/2
   467 | D:1      | Reached XP level 3. HP: 29/29 MP: 3/3
  1117 | D:2      | Reached skill level 4 in Long Blades
  1117 | D:2      | Reached XP level 4. HP: 21/35 MP: 4/4
  1882 | D:2      | Found a deep blue altar of Sif Muna.
  2168 | D:2      | Reached XP level 5. HP: 41/41 MP: 5/5
  2613 | D:3      | Reached skill level 5 in Long Blades
  2920 | D:3      | Noticed Natasha
  2930 | D:3      | Killed Natasha
  2930 | D:3      | Reached XP level 6. HP: 43/47 MP: 6/6
  3005 | D:3      | Found a sparkling altar of Nemelex Xobeh.
  3035 | D:3      | Found a faded altar to an unknown god.
  3037 | D:3      | Noticed Terence
  3045 | D:3      | Killed Terence
  3045 | D:3      | Reached skill level 6 in Long Blades
  3188 | D:3      | Found a blossoming altar of Fedhas.
  4108 | D:4      | Found a staircase to the Ecumenical Temple.
  4108 | D:4      | Noticed an ice beast
  4120 | D:4      | Killed an ice beast
  4120 | D:4      | Reached XP level 7. HP: 18/52 MP: 7/7
  4130 | Temple   | Entered the Ecumenical Temple
  4188 | Temple   | Became a worshipper of Warmaster Okawaru
  4465 | D:4      | Reached skill level 7 in Long Blades
  4843 | D:4      | Got a pitted scale mail
  4846 | D:4      | Identified the +9 scale mail "Oshratt" {rElec rCorr Dex+4} (You found it on level 4 of the Dungeon)
  5012 | D:4      | Reached XP level 8. HP: 50/58 MP: 8/8
  5078 | D:4      | Found a burning altar of Makhleb.
  5086 | D:4      | Noticed Eustachio
  5131 | D:4      | Killed Eustachio
  5131 | D:4      | Reached skill level 5 in Shields
  5354 | D:5      | Entered Level 5 of the Dungeon
  5363 | D:5      | Noticed Duvessa
  5363 | D:5      | Noticed Dowan
  5383 | D:5      | Killed Duvessa
  5383 | D:5      | Reached * piety under Okawaru
  5383 | D:5      | Reached skill level 5 in Armour
  5392 | D:5      | Killed Dowan
  5392 | D:5      | Reached skill level 8 in Long Blades
  5513 | D:5      | Found a shimmering altar of Xom.
  5527 | D:5      | Noticed Edmund
  5546 | D:5      | Killed Edmund
  6368 | D:6      | Found a shattered altar of Ashenzari.
  6590 | D:6      | Got a glittering turquoise ring
  6591 | D:6      | Identified the cursed ring "Wyitz" {rF+ AC-4 Dex+3} (You found it on level 6 of the Dungeon)
  6732 | D:6      | Found an opulent altar of Gozag.
  6816 | D:6      | Reached XP level 9. HP: 61/64 MP: 9/9
  6895 | D:6      | Reached skill level 9 in Long Blades
  7173 | D:6      | Noticed Pikel
  7281 | D:6      | Killed Pikel
  7281 | D:6      | Reached ** piety under Okawaru
  7484 | D:7      | Noticed P0WERM0DE's ghost (amateur DsCK)
  7559 | D:7      | Noticed Menkaure
  7565 | D:7      | Killed Menkaure
  7586 | D:7      | Reached skill level 10 in Long Blades
  7827 | D:7      | Killed P0WERM0DE's ghost
  7878 | D:7      | Noticed Prince Ribbit
  7912 | D:7      | Reached XP level 10. HP: 42/70 MP: 10/10
  7924 | D:7      | Killed Prince Ribbit
  7924 | D:7      | Reached *** piety under Okawaru
  8522 | D:8      | Reached skill level 11 in Long Blades
  8537 | D:8      | Noticed Erolcha
  8868 | D:8      | Killed Erolcha
  8868 | D:8      | Reached **** piety under Okawaru
  9038 | D:8      | Noticed Maurice
  9060 | D:8      | Killed Maurice
  9102 | D:8      | Found a staircase to the Lair.
  9139 | D:8      | Noticed Psyche
  9150 | D:8      | Killed Psyche
  9513 | D:8      | Reached XP level 11. HP: 75/75 MP: 11/11
  9913 | D:9      | Reached skill level 12 in Long Blades
 10127 | D:9      | Received a gift from Okawaru
 10749 | D:9      | Found a shadowy altar of Dithmenos.
 11008 | D:10     | Entered Level 10 of the Dungeon
 11224 | D:10     | Noticed a hill giant
 11242 | D:10     | Killed a hill giant
 11242 | D:10     | Reached ***** piety under Okawaru
 11242 | D:10     | Reached skill level 10 in Shields
 11515 | D:10     | Noticed Erica
 11536 | D:10     | Killed Erica
 12396 | Lair:1   | Entered Level 1 of the Lair of Beasts
 12409 | D:8      | Identified a scroll of acquirement
 12410 | D:8      | Got a heavily runed silver amulet
 12411 | D:8      | Identified the amulet "Enoniss" {Gourm MR+ Int+8} (You acquired it on level 8 of the Dungeon)
 12782 | Lair:1   | Reached skill level 13 in Long Blades
 13038 | Lair:1   | Received a gift from Okawaru
 13038 | Lair:1   | Reached skill level 10 in Armour
 13905 | Lair:2   | Reached XP level 12. HP: 60/81 MP: 12/12
 14444 | Lair:2   | Noticed a five-headed hydra
 14456 | Lair:2   | Killed a one-headed hydra
 15414 | Lair:3   | Noticed Nergalle
 15421 | Lair:3   | Killed Nergalle
 15421 | Lair:3   | Reached skill level 14 in Long Blades
 15444 | Lair:3   | Noticed an eight-headed hydra
 15452 | Lair:3   | Killed a four-headed hydra
 15603 | Lair:3   | Noticed Gastronok
 15625 | Lair:3   | Killed Gastronok
 15896 | Lair:3   | Noticed Fannar
 15919 | Lair:3   | Killed Fannar
 15919 | Lair:3   | Received a gift from Okawaru
 15919 | Lair:3   | Reached XP level 13. HP: 71/86 MP: 13/13
 16181 | Lair:3   | Found a staircase to the Swamp.
 16381 | Lair:3   | Reached skill level 15 in Long Blades
 16406 | Lair:3   | Noticed Snorg
 16417 | Lair:3   | Killed Snorg
 16640 | Lair:4   | Reached ****** piety under Okawaru
 17409 | Lair:5   | Found a hole to the Spider Nest.
 17738 | Lair:5   | Received a gift from Okawaru
 18652 | Lair:6   | Received a gift from Okawaru
 18742 | Lair:6   | Reached skill level 16 in Long Blades
 18745 | Lair:6   | Reached XP level 14. HP: 96/96 MP: 14/14
 19393 | Lair:7   | Reached skill level 5 in Fighting
 19456 | Lair:7   | Found a viscous altar of Jiyva.
 19456 | Lair:7   | Found a staircase to the Slime Pits.
 19775 | Lair:7   | Found a frozen archway.
 19809 | IceCv    | Entered an ice cave
 20724 | IceCv    | Found an ancient bone altar of Kikubaaqudgha.
 20983 | IceCv    | Gained mutation: You are partially covered in iridescent scales (AC +4). [potion of beneficial mutation]
 20984 | IceCv    | Gained mutation: You can breathe flames. [potion of beneficial mutation]
 21408 | IceCv    | Identified the Incunabulum of the Snowflakes
 21873 | Lair:8   | Entered Level 8 of the Lair of Beasts
 22367 | Lair:8   | Found a runed door.
 22867 | Lair:8   | Received a gift from Okawaru
 23149 | Lair:8   | Received a gift from Okawaru
 23173 | Lair:8   | Got an encrusted triple sword {god gift}
 23174 | Lair:8   | Identified the +2 triple sword "Wofa" {slice, MP+9 Dex+4} (Okawaru gifted it to you on level 8 of the Lair of Beasts)
 23283 | Lair:8   | Reached skill level 15 in Shields
 23756 | Lair:8   | Reached skill level 17 in Long Blades
 23933 | Lair:8   | Reached XP level 15. HP: 108/108 MP: 15/15
 24860 | D:11     | Found Fidug's Weapon Boutique.
 24876 | D:11     | Received a gift from Okawaru
 25255 | D:11     | Found a staircase to the Orcish Mines.
 25279 | D:11     | Found a roughly hewn altar of Beogh.
 25300 | Orc:1    | Entered Level 1 of the Orcish Mines
 25300 | Orc:1    | Found Hueh's Jewellery Boutique.
 25343 | Orc:1    | You fall through a shaft!
 26355 | Orc:3    | Found Tuanobur's Assorted Antiques.
 26355 | Orc:3    | Found Urcho's Food Emporium.
 26444 | Orc:3    | You fall through a shaft!
 26444 | Orc:4    | Entered Level 4 of the Orcish Mines
 26444 | Orc:4    | Found a bloodstained altar of Trog.
 26465 | Orc:4    | Found Qug Lole's Antique Weapon Shop.
 26539 | Orc:4    | Found a staircase to the Elven Halls.
 26545 | Orc:4    | Found a labyrinth entrance.
 26567 | Lab      | Entered a labyrinth
 26937 | Lab      | Identified the Handbook of Moulding
 27716 | Orc:4    | Found Doir's Antique Armour Shoppe.
 27716 | Orc:4    | Found Udi Mus's Food Shop.
 27718 | Orc:4    | Found Tuhym's Magic Scroll Boutique.
 27720 | Orc:4    | Found Xiotiowa's Antique Weapon Emporium.
 27724 | Orc:4    | Bought a pair of bloodstained boots for 323 gold pieces
 27727 | Orc:4    | Bought a scroll of identify for 20 gold pieces
 27727 | Orc:4    | Bought a scroll of identify for 20 gold pieces
 27727 | Orc:4    | Bought a scroll of enchant weapon for 75 gold pieces
 27732 | Orc:4    | Identified the cursed +0 pair of boots of Inference {+Inv MR- Int+3 Stlth+} (You bought it in a shop on level 4 of the Orcish Mines)
 27846 | Orc:4    | Noticed an orc warlord
 27860 | Orc:4    | Killed an orc warlord
 27860 | Orc:4    | Received a gift from Okawaru
 28742 | Orc:3    | Found Ecran's Distillery.
 28756 | Orc:3    | Bought a potion of mutation for 27 gold pieces
 28756 | Orc:3    | Bought a potion of might for 44 gold pieces
 28756 | Orc:3    | Bought a potion of might for 44 gold pieces
 28850 | Orc:3    | Found Upru's Antique Armour Shop.
 28868 | Orc:3    | Reached skill level 18 in Long Blades
 28874 | Orc:3    | Bought a pair of glowing boots for 139 gold pieces
 28884 | Orc:3    | Identified a +2 pair of boots of running (You bought it in a shop on level 3 of the Orcish Mines)
 29298 | Orc:1    | Found Jeimunn's Weapon Shop.
 29371 | Orc:1    | Found Suiriwu's Magic Scroll Shop.
 29379 | Orc:1    | Bought a scroll of holy word for 105 gold pieces
 29381 | Orc:1    | Found Lezutao's Assorted Antiques.
 29390 | Orc:1    | Bought a scroll of identify for 68 gold pieces
 30160 | Spider:1 | Entered Level 1 of the Spider Nest
 31247 | Spider:1 | Reached XP level 16. HP: 96/120 MP: 16/16
 33210 | Spider:2 | Reached skill level 10 in Fighting
 34316 | Spider:3 | Received a gift from Okawaru
 34845 | Spider:3 | Reached skill level 19 in Long Blades
 35606 | Spider:4 | Entered Level 4 of the Spider Nest
 36676 | Spider:4 | Reached XP level 17. HP: 72/130 MP: 17/17
 37486 | Spider:4 | Received a gift from Okawaru
 38073 | Spider:4 | Reached skill level 15 in Armour
 38090 | Spider:4 | Reached skill level 20 in Long Blades
 38183 | Spider:4 | Got a gossamer rune of Zot
 40342 | D:13     | Reached skill level 1 in Dodging
 40983 | D:14     | Received a gift from Okawaru
 41071 | D:14     | Reached XP level 18. HP: 126/140 MP: 18/18
 41915 | D:14     | Found a gate to the Vaults.
 42459 | D:15     | Entered Level 15 of the Dungeon
 42866 | D:15     | Found Plog's Jewellery Shop.
 42881 | D:15     | Bought the ring of Xugyf {rPois Int+3 Dex+6} for 988 gold pieces
 42951 | D:15     | Found Uceweodoe's Assorted Antiques.
 42957 | D:15     | Bought a shimmering platinum ring for 155 gold pieces
 42957 | D:15     | Identified the ring "Orosch" {Wiz MR+ MP+9 Str-4} (You bought it in a shop on level 15 of the Dungeon)
 43014 | D:15     | Found Rymiq's Antique Weapon Shoppe.
 43019 | D:15     | Noticed Josephine
 43027 | D:15     | Killed Josephine
 43099 | D:15     | Received a gift from Okawaru
 43240 | D:15     | Noticed Agnes
 43249 | D:15     | Killed Agnes
 43591 | D:15     | Reached skill level 21 in Long Blades
 43735 | D:15     | Reached skill level 5 in Dodging
 43873 | D:15     | Found a staircase to the Depths.
 44144 | D:15     | Learned a level 2 spell: Repel Missiles
 44553 | Swamp:1  | Entered Level 1 of the Swamp
 44613 | Swamp:1  | Reached skill level 1 in Spellcasting
 44613 | Swamp:1  | Reached skill level 1 in Charms
 45758 | Swamp:2  | Reached XP level 19. HP: 127/149 MP: 25/25
 46245 | Swamp:2  | Reached skill level 5 in Spellcasting
 46472 | Swamp:2  | Reached skill level 5 in Charms
 47401 | Swamp:4  | Entered Level 4 of the Swamp
 47736 | Swamp:4  | Noticed a tentacled monstrosity
 47749 | Swamp:4  | Killed a tentacled monstrosity
 47812 | Swamp:4  | Received a gift from Okawaru
 48364 | Swamp:4  | Got a decaying rune of Zot
 49829 | Elf:1    | Entered Level 1 of the Elven Halls
 50396 | Vaults:1 | Entered Level 1 of the Vaults
 50681 | Vaults:1 | Reached XP level 20. HP: 154/158 MP: 28/28
 51126 | Vaults:1 | Reached skill level 22 in Long Blades
 51555 | Vaults:1 | Received a gift from Okawaru
 51580 | Vaults:1 | Got a brightly glowing triple sword {god gift}
 51581 | Vaults:1 | Identified the +11 triple sword of Refo {drain, +Inv rElec rPois rF-} (Okawaru gifted it to you on level 1 of the Vaults)
 52347 | Vaults:2 | Noticed Mara
 52356 | Vaults:2 | Noticed Avanven's illusion
 52793 | Vaults:2 | Killed Mara
 53696 | Vaults:2 | Received a gift from Okawaru
 53795 | Vaults:2 | Got a smoking glaive {god gift}
 53959 | Vaults:2 | Reached XP level 21. HP: 167/167 MP: 29/29
 54015 | Vaults:2 | Reached skill level 15 in Fighting
 55582 | Vaults:3 | Received a gift from Okawaru
 55795 | Vaults:3 | Reached skill level 23 in Long Blades
 55903 | Vaults:3 | Found a staircase to the Crypt.
 57447 | Orc:4    | Bought a scroll of fog for 20 gold pieces
 57447 | Orc:4    | Bought a scroll of fog for 20 gold pieces
 57447 | Orc:4    | Bought a scroll of torment for 75 gold pieces
 57447 | Orc:4    | Bought a scroll of summoning for 95 gold pieces
 57447 | Orc:4    | Bought a scroll of fear for 35 gold pieces
 57920 | Vaults:4 | Reached skill level 10 in Dodging
 57929 | Vaults:4 | Received a gift from Okawaru
 57930 | Vaults:4 | Found Siarihoj's Book Boutique.
 58028 | Vaults:4 | Noticed Donald
 58042 | Vaults:4 | Killed Donald
 58043 | Vaults:4 | Found a shattered altar of Ashenzari.
 58222 | Vaults:4 | Learned a level 2 spell: Song of Slaying
 58320 | Vaults:4 | Reached XP level 22. HP: 169/177 MP: 30/30
 58704 | Vaults:4 | Noticed Xtahua
 58924 | Vaults:4 | Noticed Jorgrun
 58944 | Vaults:4 | Killed Jorgrun
 58975 | Vaults:3 | Received a gift from Okawaru
 59272 | Vaults:3 | Killed Xtahua
 59577 | Vaults:4 | Identified the +5 glaive "Wexke" {venom, Stlth+} (Okawaru gifted it to you on level 2 of the Vaults)
 60248 | Vaults:5 | Entered Level 5 of the Vaults
 60261 | Vaults:5 | Reached skill level 24 in Long Blades
 60261 | Vaults:5 | Received a gift from Okawaru
 60264 | Vaults:5 | Killed from afar by a vault guard

Vault maps used:
D:1:      dpeg_arrival_pits
D:2:      lemuel_round_altar, minmay_unequal
D:3:      fedhas_altar_4, old_standard_altar, ecumenical_altar_1, uniq_natasha,
          uniq_terence
D:4:      lemuel_doored_altar, minmay_temple_entry_glassed_door, uniq_eustachio
D:5:      first_bread, minmay_liquid_box, st_stairs_13, nrook_loot_triangle,
          xom_teletrap_fun, uniq_duvessa, uniq_edmund
D:6:      nicolae_gozag_cash_rules_everything_around_me, marbit_many_paths,
          minivault_1, uniq_pikel
D:7:      the_bakery, uniq_prince_ribbit1, uniq_menkaure
D:8:      lair_0_dummy, uniq_maurice, uniq_psyche, uniq_erolcha
D:9:      grunt_dithmenos_smoke
D:10:     nicolae_wwwww, uniq_erica
D:11:     minmay_orc_entry_temple_small, serial_shops, shop_fountains,
          kennysheep_crisscross, minmay_misc_feat_five, minivault_16
D:12:     serial_column_ruins, column_ruins_corridor_straight,
          column_ruins_open_tiny, column_ruins_corridor_straight,
          column_ruins_grid_3, minivault_16, nrook_uturn
D:14:     grunt_vaults_entry_tiered, solitary_fountain
D:15:     grunt_enter_depths_hoard, bh_walls_and_bars, serial_shops,
          shop_statue, nicolae_shop_stone, nicolae_shop_stone,
          solitary_fountain, uniq_agnes, uniq_josephine
Temple:   chambers_temple_12
Lair:2:   lemuel_ratsnest
Lair:3:   minmay_swamp_entry_worms, infiniplex_staircase_pool_2,
          grunt_megastairs_3, uniq_fannar, uniq_snorg, uniq_nergalle,
          uniq_gastronok
Lair:5:   spider_nest_entry_web_field, st_stairs_6, beast_lair_carwin_4
Lair:6:   wad_woods_minihive, serial_bayou_shore_b
Lair:7:   dpeg_slime_entry_enclosed_altar, portal_ice_cave_entry_ice_beasts
Lair:8:   wormcave, guppyfry_lair_end_dragon
Swamp:1:  evilmike_swamp_ruin_house_2, swamp_pool4, hangedman_swamp_pad,
          hangedman_swamp_wriggling
Swamp:2:  hangedman_swamp_ruin_hall
Swamp:3:  hangedman_swamp_cone, swamp_pool4
Swamp:4:  swamp_vile, swamp_pool5
Spider:2: hangedman_spider_tarantella_strand
Spider:4: grunt_spider_rune_island, spider_trap
Orc:1:    serial_shops, shop_statue, shop, shop_fountains,
          nicolae_shop_competitors_out_of_business
Orc:2:    nicolae_orc_accident_3
Orc:3:    serial_shops, shop, nicolae_shop_stone, shop, shop,
          nicolae_orc_pool_cavern
Orc:4:    st_orc_rangers, serial_shops, shop_statue, lab_entry_generic,
          nicolae_orc_rockfall, bloody_trog
Elf:1:    serial_shops, nicolae_shop_behind_doors, minmay_elf_annihilation
Vaults:1: ontoclasm_vaults_ring_small, nicolae_vaults_border_crossing,
          v_misc_28, ontoclasm_vaults_gateway, grunt_vaults_bifocal,
          ontoclasm_vaults_hangar, nicolae_vaults_ninety_degrees, v_misc_4,
          ontoclasm_vaults_loading_screen, nicolae_vaults_twisting_passages,
          vaults_dpeg_diagonal, vaults_mumra_lcd, nicolae_vaults_circle_grid_a,
          v_misc_12
Vaults:2: nicolae_vaults_theta, hangedman_vaults_locks,
          ontoclasm_vaults_ligature, nicolae_vaults_c_with_doors,
          vaults_dpeg_encased_lava, nicolae_vaults_theta,
          ontoclasm_vaults_loading_screen, nicolae_vaults_little_squares_6,
          nicolae_vaults_little_squares_6, nicolae_vaults_alarming, uniq_mara
Vaults:3: vaults_dpeg_doors, vaults_room_door_hall, v_misc_10,
          hangedman_vaults_restitches, v_misc_1,
          minmay_crypt_entry_nasty_monster, v_misc_28,
          nicolae_vaults_little_squares_1, ontoclasm_vaults_hangar, v_misc_19,
          hangedman_vaults_impose, nicolae_vaults_windows_and_doors_thing
Vaults:4: hangedman_vaults_river_flow, ontoclasm_vaults_hangar,
          nicolae_vaults_display_case, vaults_room_semicircle,
          nicolae_vaults_theta, vaults_room_fours, nicolae_vaults_big_ls,
          ontoclasm_vaults_chip, grunt_vaults_hallway_long,
          grunt_vaults_hallway_short, basic_altar, serial_shops, shop_statue,
          uniq_jorgrun, uniq_xtahua, uniq_donald
Vaults:5: uniq_sojobo, uniq_jory
Lab:      labyrinth_mini_lab, nicolae_lab_x, nicolae_lab_hexagon,
          nicolae_lab_t_cross, labyrinth_skeletal_remains, lab_fountain,
          nicolae_lab_garden, nicolae_lab_very_dead_end
IceCv:    ice_cave_small_necro

Action                   |  1- 3 |  4- 6 |  7- 9 | 10-12 | 13-15 | 16-18 | 19-21 | 22-24 || total
-------------------------+-------+-------+-------+-------+-------+-------+-------+-------++-------
Melee: Long sword        |   153 |   250 |    87 |       |       |       |       |       ||   490
       Falchion          |       |       |   343 |   499 |       |       |       |       ||   842
       Scimitar          |       |       |       |   478 |   163 |    16 |       |       ||   657
       Demon blade       |       |       |       |       |  1222 |       |       |       ||  1222
       Great sword       |       |       |       |       |   411 |  1064 |   494 |       ||  1969
       Triple sword      |       |       |       |       |       |   460 |  1017 |   185 ||  1662
 Cast: Repel Missiles    |       |       |       |       |       |       |     5 |       ||     5
       Song of Slaying   |       |       |       |       |       |       |     1 |     7 ||     8
Invok: Heroism           |       |       |     2 |     6 |    16 |     9 |    20 |     4 ||    57
 Abil: Dig               |       |       |       |       |    14 |    10 |     8 |       ||    32
Evoke: Wand              |       |       |       |       |     7 |     3 |     1 |     1 ||    12
  Use: Potion            |       |     3 |     2 |     8 |    13 |     4 |     4 |     4 ||    38
       Scroll            |       |       |    11 |     9 |    20 |    16 |    15 |     2 ||    73
 Stab: Invisible         |       |     2 |       |       |       |       |       |       ||     2
  Eat: Chunk             |     1 |    10 |     8 |    29 |    51 |    59 |    42 |     5 ||   205
       Pizza             |       |       |     2 |       |       |       |       |       ||     2
       Beef jerky        |       |       |     1 |     1 |       |       |       |       ||     2
       Meat ration       |       |       |       |     1 |       |       |       |       ||     1
       Bread ration      |       |       |       |       |     1 |       |       |       ||     1
